 Dungeon Crawl Stone Soup version 0.17.1-3-g152610e (console) character file.

142 Sehdowjr the Ruffian (level 5, 0/54 HPs)
             Began as a Troll Berserker on Mar 24, 2016.
             Was a Priest of Trog.
             Slain by an ogre
             ... wielding a +0 giant spiked club
              (15 damage)
             ... on level 4 of the Dungeon.
             The game lasted 00:10:04 (1880 turns).

Sehdowjr the Ruffian (Troll Berserker)              Turns: 1880, Time: 00:10:04

Health: 0/54       AC:  5    Str: 26    XL:     5   Next: 4%
Magic:  4/4        EV: 10    Int:  3    God:    Trog [***...]
Gold:   119        SH:  0    Dex:  9    Spells: 0 memorised, 4 levels left

rFire  . . .     SeeInvis .       - Unarmed
rCold  . . .     Clarity  .     a - +0 animal skin
rNeg   . . .     SustAt   .     (no shield)
rPois  .         Gourm    +     (helmet restricted)
rElec  .         Spirit   .     (no cloak)
rCorr  .         Warding  .     (gloves unavailable)
rMut   .         Stasis   .     (boots unavailable)
MR     .....                    (no amulet)
Stlth  +.........               (no ring)
                                (no ring)

@: exhausted, slowed, very slow, not resistant to hostile enchantments, very
unstealthy
A: unfitting armour, claws 3, fast metabolism 3, gourmand, regeneration 2,
shaggy fur 1, tough skin 2
a: Berserk, Trog's Hand, Burn Spellbooks, Renounce Religion


You were on level 4 of the Dungeon.
You worshipped Trog.
Trog was most pleased with you.
You were hungry.

You visited 1 branch of the dungeon, and saw 4 of its levels.

You collected 119 gold pieces.

Inventory:

Armour
 a - a +0 animal skin (worn)
Jewellery
 c - an uncursed ring of sustain attributes {unknown}
Scrolls
 d - 7 scrolls of identify {unknown}
 f - 3 scrolls of noise {unknown}
 k - a scroll of immolation {unknown}
 l - a scroll of teleportation {unknown}
 p - a scroll of remove curse {unknown}
 r - a scroll of recharging {unknown}
Potions
 e - 2 potions of ambrosia {unknown}
 g - a potion of agility {unknown}
 j - 3 potions of curing {unknown}
 m - a potion of haste {unknown}
 n - a potion of flight {unknown}
 o - a potion of degeneration {unknown}
 q - 2 potions of might {unknown}
 s - a potion of cancellation {unknown}
Comestibles
 b - 4 bread rations
 h - a royal jelly
 i - 2 meat rations
 t - a slice of pizza
 u - 4 fruits


   Skills:
 + Level 3.7 Fighting
 - Level 2.4 Dodging
 + Level 0.5 Stealth
 + Level 4.4 Unarmed Combat


You had 4 spell levels left.
You didn't know any spells.

Dungeon Overview and Level Annotations

Branches:
Dungeon (4/15)
 Temple: D:4-7

Altars:
Nemelex Xobeh
Sif Muna

Annotations:
D:4 Sehdowjr's ghost, amateur DECj


Innate Abilities, Weirdness & Mutations

You are too large for most types of armour.
You have claws for hands.
Your metabolism is lightning-fast.
You like to eat raw meat.
You heal very quickly.
You are covered in fur (AC +1).
You have very tough skin (AC +2).


Message History

You are too injured to fight recklessly!
You are too injured to fight recklessly!
You feel a strong urge to attack something.
The ogre closely misses you.
You feel your anger subside.
You are no longer berserk.
You pass out from exhaustion.
You feel yourself slow down.
The ogre hits you with a giant spiked club.
* * * LOW HITPOINT WARNING * * *
The ogre hits you with a giant spiked club.
* * * LOW HITPOINT WARNING * * *
You can move again.
The ogre hits you but does no damage.
You are feeling hungry.
Sehdowjr's ghost (amateur Deep Elf Conjurer) comes into view.
You see here a beef jerky.
Sehdowjr's ghost moves out of view.
The ogre hits you with a giant spiked club!
You die...

.... ...# ...## #...# #
#...# #.#...# ##. #.#...#
#... #....@###..#
##...O....# ##.......###
#.......... #....>.....
#########...#......
#.##...........#.#..##
###.##.#####.......#..###
.........###.##..........


You could see an ogre.

Vanquished Creatures
  A hound (D:4)
  Robin (D:3)
  A gnoll (D:1)
  3 adders
  3 giant geckos
  An orc (D:3)
  11 bats
  3 giant cockroaches
  9 hobgoblins
  A quokka (D:2)
  A giant newt (D:2)
  17 goblins
  3 kobolds
  7 rats
62 creatures vanquished.

Notes
Turn   | Place    | Note
--------------------------------------------------------------
     0 | D:1      | Sehdowjr the Troll Berserker began the quest for the Orb.
     0 | D:1      | Reached XP level 1. HP: 22/22 MP: 0/0
    98 | D:1      | Reached XP level 2. HP: 25/29 MP: 1/1
   310 | D:1      | Reached ** piety under Trog
   415 | D:1      | Reached XP level 3. HP: 36/36 MP: 2/2
   440 | D:1      | You fall through a shaft!
   719 | D:2      | Found a sparkling altar of Nemelex Xobeh.
   799 | D:2      | Found a deep blue altar of Sif Muna.
  1215 | D:3      | Noticed Robin
  1231 | D:3      | Reached skill level 4 in Unarmed Combat
  1234 | D:3      | Reached XP level 4. HP: 3/45 MP: 3/3
  1240 | D:3      | HP: 1/67 [Robin/club (5)]
  1242 | D:3      | Killed Robin
  1339 | D:3      | Reached *** piety under Trog
  1808 | D:4      | Reached XP level 5. HP: 47/54 MP: 4/4
  1859 | D:4      | Noticed an ogre
  1880 | D:4      | Noticed Sehdowjr's ghost (amateur DECj)
  1880 | D:4      | Slain by an ogre

Action                   |  1- 3 |  4- 6 || total
-------------------------+-------+-------++-------
Melee: Unarmed           |   121 |    51 ||   172
Invok: Berserk           |     1 |     1 ||     2
 Stab: Sleeping          |       |     1 ||     1
  Eat: Chunk             |     8 |     8 ||    16
